 Dungeon Crawl Stone Soup version 0.30-a0-578-gdee14c521f (webtiles) character file.

Game seed: 8373455139108337435

315 wormed the Shooter (level 6, 0/32 HPs)
             Began as a Spriggan Hunter on Jan 1, 2023.
             Was an Initiate of Okawaru.
             Killed from afar by Dowan (21 damage)
             ... with a stone arrow
             ... on level 4 of the Dungeon.
             The game lasted 00:04:41 (2579 turns).

wormed the Shooter (Spriggan Hunter)                Turns: 2579, Time: 00:04:42

Health: 0/32       AC:  3    Str:  7    XL:     6   Next: 19%
Magic:  7/7        EV: 19    Int: 11    God:    Okawaru [......]
Gold:   128        SH:  0    Dex: 20    Spells: 5/5 levels left

rFire   . . .      SeeInvis +    a - +0 shortbow
rCold   . . .      Faith    .    (shield currently unavailable)
rNeg    . . .      Spirit   .    c - +0 robe
rPois   .          Reflect  .    (helmet restricted)
rElec   .          Harm     .    i - +0 cloak
rCorr   .          Rampage  .    (gloves unavailable)
Will    +....                    (boots unavailable)
Stlth   +++                      (no amulet)
HPRegen 0.25/turn                (no ring)
MPRegen 0.10/turn                (no ring)

@: very quick
A: very small, no large weapons, unfitting armour, see invisible, speed 3
a: Renounce Religion


You were on level 4 of the Dungeon.
You worshipped Okawaru.
Okawaru was noncommittal.
You visited 2 branches of the dungeon, and saw 5 of its levels.

You collected 128 gold pieces.

Inventory:

Hand Weapons
 a - a +0 shortbow (weapon)
Armour
 c - a +0 robe (worn)
 i - a +0 cloak (worn)
Jewellery
 h - a +6 ring of strength
 n - a ring of fire
 s - a ring of wizardry
Wands
 q - a wand of mindburst (8)
 v - a wand of iceblast (10)
Scrolls
 b - 2 scrolls of immolation
 d - a scroll of fear {unknown}
 g - 2 scrolls of teleportation {unknown}
 k - a scroll of brand weapon {unknown}
 o - a scroll of identify {unknown}
 p - a scroll of fog {unknown}
 r - 2 scrolls of noise {unknown}
 w - a scroll of blinking {unknown}
Potions
 e - a potion of heal wounds {unknown}
 f - 3 potions of brilliance {unknown}
 j - a potion of degeneration {unknown}
 l - a potion of flight {unknown}
 m - a potion of curing {unknown}
 t - 2 potions of attraction {unknown}
 u - a potion of ambrosia {unknown}


   Skills:
 + Level 2.7 Fighting
 * Level 5.7 Ranged Weapons
 + Level 4.4 Dodging
 + Level 4.5 Stealth


You had 5 spell levels left.
You didn't know any spells.
Your spell library contained the following spells:

 Spells                   Type           Power      Damage    Failure   Level
 Ensorcelled Hibernation  Hex/Ice        0%         N/A       47%         2
 Passwall                 Tmut/Erth      0%         N/A       47%         2
 Spider Form              Tmut/Pois      0%         N/A       71%         3
 Anguish                  Hex/Necr       0%         N/A       98%         4
 Yara's Violent Unravell  Hex/Tmut       0%         3d3       100%        5
 Enfeeble                 Hex            0%         N/A       100%        7
 Polar Vortex             Ice            0%         N/A       100%        9
 Simulacrum               Ice/Necr       Unusable   N/A       N/A         6

Dungeon Overview and Level Annotations

Branches:
Dungeon (4/15)             Temple (1/1) D:4

Altars:
Ashenzari
Fedhas
Kikubaaqudgha
Okawaru
Sif Muna
Trog
Uskayaw
Wu Jian
Yredelemnul

Shops:
D:1 ?

Annotations:
D:4 Dowan


Innate Abilities, Weirdness & Mutations

You are very small and have problems with some larger weapons.
You are too small for most types of armour.
You have supernaturally acute eyesight. (SInv)
You cover ground extremely quickly. (Speed+++)


Message History

You shoot an arrow. The arrow hits Duvessa!
You kill Duvessa!
Okawaru is honoured by your kill.
You hear a distant wail of despair.
You have reached level 6!
Things that are here:
a +0 short sword; a +2 leather armour of willpower
There is an open door here.
Found a scroll labelled DIJYAG LURUE.
Dowan seems to find hidden reserves of power!
You shoot an arrow.
Dowan shouts!
The arrow hits Dowan!
Dowan is moderately wounded.
You shoot an arrow. The arrow hits Dowan.
Dowan is moderately wounded.
You shoot an arrow. The arrow misses Dowan.
Dowan casts a spell at you. The stone arrow misses you.
You shoot an arrow.
The arrow hits Dowan but does no damage.
Dowan is moderately wounded.
Dowan casts a spell.
Dowan blinks!
You shoot an arrow. The arrow hits Dowan.
Dowan is heavily wounded.
Dowan casts a spell.
Dowan blinks!
Dowan casts a spell at you. The shard of ice hits you!
You shoot an arrow.
The arrow hits Dowan but does no damage.
Dowan is heavily wounded.
You shoot an arrow. The arrow hits Dowan.
Dowan is severely wounded.
Dowan barely misses you.
Dowan points at you and mumbles some strange words.
The stone arrow hits you!!
Ouch! That really hurt!
You die...

. #.........# #.#
.
#<>..)....#####>#
#.........'...#.#
#.........#.#.#.#
#.........##.)..#
#.........###.###
#.....########.##
#..........#
##.##
#....e@....#
##.##
#..........# ##.#
.......?.....#
###
#+####........#
#........#
#........#
#........#
#........#


You could see Dowan (fast).

Vanquished Creatures
  Duvessa (D:4)
  2 orc priests
  Terence (D:2)
  3 gnolls
  An adder (D:2)
  3 worms (D:2)
  A dart slug (D:4)
  6 orcs
  8 endoplasms
  5 giant cockroaches
  10 goblins
  5 hobgoblins
  A jackal (D:3)
  5 quokkas
  7 ball pythons
  7 bats
  4 frilled lizards
  4 kobolds
  3 rats
77 creatures vanquished.

Notes
Turn   | Place    | Note
-------+----------+-------------------------------------------
     0 | D:1      | wormed the Spriggan Hunter began the quest for the Orb.
     0 | D:1      | Reached XP level 1. HP: 10/10 MP: 2/2
    83 | D:1      | Reached XP level 2. HP: 15/15 MP: 3/3
   115 | D:1      | Found Dohu's Magic Scroll Emporium.
   390 | D:2      | Reached XP level 3. HP: 18/18 MP: 4/4
   695 | D:2      | Noticed Terence
   754 | D:2      | Killed Terence
   755 | D:2      | Reached XP level 4. HP: 23/23 MP: 5/5
  1261 | D:2      | Reached skill level 5 in Ranged Weapons
  1320 | D:2      | HP: 1/23 [kobold/+0 whip (4)]
  1331 | D:2      | HP: 1/23 [bat (1)]
  1337 | D:2      | HP: 1/23 [bat (1)]
  1500 | D:2      | Reached XP level 5. HP: 22/27 MP: 6/6
  2301 | D:4      | Found a staircase to the Ecumenical Temple.
  2308 | Temple   | Entered the Ecumenical Temple
  2331 | Temple   | Became a worshipper of Warmaster Okawaru
  2414 | D:4      | Got the Lectures on the Metallic Winter
  2533 | D:4      | Noticed Duvessa
  2533 | D:4      | Noticed Dowan
  2551 | D:4      | Killed Duvessa
  2552 | D:4      | Reached XP level 6. HP: 32/32 MP: 7/7
  2579 | D:4      | Killed from afar by Dowan

Illustrated notes

Levels and vault maps discovered:
D:1:      dpeg_arrival_stonehenge_8_columns, layout_rooms, serial_shops,
          shop_statue, chequers_serial_rivers_room_b
D:2:      layout_basic, uniq_terence
D:3:      layout_rooms, minmay_misc_feat_rugged, minmay_quantized
D:4:      layout_basic, minmay_temple_entry_gardened_gates, uniq_duvessa
Temple:   compressed_dpeg_circular_temple

Skill      XL: |  1  2  3  4  5 |
---------------+----------------+-----
Stealth        | 2 3 4 |  4.5
Dodging        | 3 4 |  4.4
Fighting       | 2 |  2.7
Ranged Weapons | 5 |  5.7

Action                   |  1- 3 |  4- 6 || total
-------------------------+-------+-------++-------
 Fire: Shortbow          |   109 |   142 ||   251
Armor: Robe              |     3 |    12 ||    15
Dodge: Dodged            |    15 |    92 ||   107

Table legend: (Time is in decaauts)
 A = Elapsed time spent in this place.
 B = Non-inter-level travel time spent in this place.
 C = Inter-level travel time spent in this place.
 D = Time resting spent in this place.
 E = Time spent auto-exploring this place.
 F = Levels seen in this place.
 G = Mean time per level.
                   A        B        C        D        E       F      G
               +--------+--------+--------+--------+--------+-----+--------+
         Total |   1854 |   1614 |    240 |      0 |   1022 |   5 |  370.8 |
       Dungeon |   1835 |   1595 |    240 |      0 |   1018 |   4 |  458.8 |
        Temple |     18 |     18 |      0 |      0 |      4 |   1 |   18.0 |
               +--------+--------+--------+--------+--------+-----+--------+

Top non-repeatable levels by time:
     D:2: 896 daAuts
     D:1: 355 daAuts
     D:3: 349 daAuts
     D:4: 234 daAuts
  Temple: 18 daAuts
